 Dungeon Crawl Stone Soup version 0.31.0-11-ge490571c62 (webtiles) character file.

Game seed: 14848214385728516463

793 MollyMolluskus the Ruffian (level 7, -6/73 HPs)
             Began as an Octopode Fighter on Feb 6, 2024.
             Killed by divine providence
             ... invoked by an orc priest
              (13 damage)
             ... on level 5 of the Dungeon.
             The game lasted 00:09:35 (3713 turns).

MollyMolluskus the Ruffian (Octopode Fighter)       Turns: 3713, Time: 00:09:36

Health: -6/73      AC: 23    Str: 17    XL:     7   Next: 88%
Magic:  7/7        EV:  2    Int: 11    God:
Gold:   149        SH:  5    Dex: 11    Spells: 6/6 levels left

rFire   . .          .
                       - Unarmed
rCold   . . .        a - +1 buckler
rNeg    . . .        (helmet currently unavailable)
rPois   +            (no amulet)
rElec   .            (no ring)
rCorr   .            (no ring)
SInv    .            (no ring)
Will    .....        (no ring)
Stlth   ++           (no ring)
HPRegen 0.32/turn    (no ring)
MPRegen 0.10/turn    (no ring)
                     (no ring)

%: no passive effects
@: tree-form
A: stationary, stasis, torment immunity, boosted hp, almost no armour,
(amphibious), 8 rings, (camouflage 1), (gelatinous body 1), (nimble swimmer 1),
(tentacles)
a: no special abilities


You were on level 5 of the Dungeon.
You were a tree.
You visited 1 branch of the dungeon, and saw 5 of its levels.

You collected 149 gold pieces.

Inventory:

Missiles
 c - 45 stones
 h - 6 curare-tipped darts (quivered)
Armour
 a - a +1 buckler (worn)
 k - a +0 kite shield
Wands
 b - a wand of polymorph (13)
 d - a wand of mindburst (10)
 i - a wand of flame (16)
Scrolls
 e - a scroll of identify
Potions
 g - a potion of ambrosia


   Skills:
 + Level 4.7 Fighting
 + Level 4.7 Dodging
 - Level 4.0 Stealth
 - Level 4.0 Shields
 * Level 5.6 Unarmed Combat


You had 6 spell levels left.
You didn't know any spells.
Your spell library contained the following spells:

 Spells                   Type           Power      Damage    Failure   Level
 Slow                     Hex            0%         N/A       41%         1
 Summon Small Mammal      Summ           0%         N/A       41%         1
 Call Canine Familiar     Summ           0%         N/A       80%         3
 Confusing Touch          Hex            0%         N/A       80%         3
 Sigil of Binding         Hex            0%         N/A       80%         3
 Summon Ice Beast         Ice/Summ       0%         N/A       80%         3
 Vampiric Draining        Necr           0%         2d6       80%         3
 Summon Blazeheart Golem  Fire/Summ      0%         N/A       99%         4
 Summon Mana Viper        Hex/Summ       0%         N/A       100%        5
 Monstrous Menagerie      Summ           0%         N/A       100%        7


Dungeon Overview and Level Annotations

Branches:
Dungeon (5/15)
 Temple: D:4-7

Altars:
Vehumet


Innate Abilities, Weirdness & Mutations

You are a tree.
Your roots penetrate the ground, keeping you stationary.
You cannot be teleported.
You are immune to unholy pain and torment.
Your maximum health is greatly increased.
You cannot wear most types of armour.
((You are amphibious.))
You can wear up to eight rings at the same time.
((Your skin changes colour to match your surroundings (Stealth+).))
((Your rubbery body absorbs attacks. (AC +1, EV +1)))
((You are camouflaged when in or above water. (Stealth+)))
((You have tentacles for arms and can constrict up to eight enemies at once.))


Message History

You tentacle-slap the orc warrior but do no damage.
The orc warrior is moderately wounded.
You constrict the orc warrior, but do no damage.
You tentacle-slap the orc warrior but do no damage.
You squeeze the orc warrior, but do no damage.
The orc warrior is moderately wounded.
You constrict the orc warrior.
The orc warrior hits you with a +0 short sword!
You tentacle-slap the orc warrior but do no damage.
You squeeze the orc warrior.
The orc warrior is moderately wounded.
You constrict the orc warrior, but do no damage.
The orc warrior hits you with a +0 short sword!
You tentacle-slap the orc warrior but do no damage.
You squeeze the orc warrior, but do no damage.
The orc warrior is moderately wounded.
You constrict the orc warrior, but do no damage.
The orc warrior hits you with a +0 short sword!
You tentacle-slap the orc warrior.
The orc warrior is heavily wounded.
You constrict the orc warrior. The orc warrior completely misses you.
You tentacle-slap the orc warrior.
The orc warrior is severely wounded.
You constrict the orc warrior.
The orc priest calls upon Beogh to heal the orc warrior.
The orc warrior is healed somewhat.
The orc warrior hits you with a +0 short sword.
* * * LOW HITPOINT WARNING * * *
You tentacle-slap the orc warrior.
The orc warrior is severely wounded.
You constrict the orc warrior.
The orc priest calls upon Beogh to heal the orc warrior.
The orc warrior is healed somewhat.
The orc warrior hits you with a +0 short sword!
* * * LOW HITPOINT WARNING * * *
You turn into a tree.
Your roots penetrate the ground.
You lose your grip on the orc warrior.
The orc priest calls down the wrath of Beogh upon you.
Beogh smites you!
You die...

#..#+#...## ##.##
##...# #..# #...# #
#.#######..#
#.####.#.)...#..#
#......#.....'..#
####..#########.#
#########o#......)#.#
#......♣oh'.....$?#.#
#.#######B#......$#.##
#.#########..# #..
+...### #..# #.#...#
#..# #.#.#.# #...
....#.. .... #...###.
#..## ##


You could see an orc warrior, a black bear, a bombardier beetle and an orc
priest.

Vanquished Creatures
  Duvessa (D:4)
  A black bear (D:5)
  An ogre (D:4)
  A scorpion (D:3)
  Dowan (D:4)
  A bombardier beetle (D:5)
  2 orc priests (D:5)
  A hound (D:5)
  A jelly (D:4)
  Ijyb (D:3)
  3 iguanas (D:4)
  Robin (D:4)
  3 adders
  2 dart slugs (D:3)
  A ribbon worm (D:5)
  10 orcs
  6 ball pythons
  10 endoplasms
  3 giant cockroaches
  8 hobgoblins
  2 quokkas
  6 bats
  2 frilled lizards (D:2)
  16 goblins
  5 kobolds
  3 rats
92 creatures vanquished.

Vanquished Creatures (others)
  An orc wizard (D:3)
1 creature vanquished.

Grand Total: 93 creatures vanquished

Notes
Turn   | Place    | Note
-------+----------+-------------------------------------------
     0 | D:1      | MollyMolluskus the Octopode Fighter began the quest for the
                  | Orb.
     0 | D:1      | Reached XP level 1. HP: 16/16 MP: 1/1
   235 | D:1      | Reached XP level 2. HP: 16/21 MP: 2/2
   289 | D:1      | Reached skill level 1 in Stealth
   399 | D:1      | Found a faded altar of an unknown god.
   796 | D:2      | Reached XP level 3. HP: 23/26 MP: 3/3
  1274 | D:2      | Found a radiant altar of Vehumet.
  1626 | D:3      | Noticed a scorpion
  1632 | D:3      | Killed a scorpion
  1633 | D:3      | Reached skill level 3 in Unarmed Combat
  1633 | D:3      | Reached XP level 4. HP: 31/31 MP: 4/4
  1659 | D:3      | Reached XP level 5. HP: 36/36 MP: 5/5
  2094 | D:3      | Noticed Ijyb
  2128 | D:3      | Killed Ijyb
  2591 | D:4      | Reached XP level 6. HP: 17/43 MP: 6/6
  2896 | D:4      | Noticed Dowan
  2914 | D:4      | Noticed Duvessa
  2925 | D:4      | Killed Duvessa
  2926 | D:4      | Reached skill level 4 in Unarmed Combat
  2930 | D:4      | Killed Dowan
  3025 | D:4      | Reached XP level 7. HP: 15/48 MP: 7/7
  3309 | D:4      | Noticed Robin
  3319 | D:4      | Killed Robin
  3455 | D:5      | Entered Level 5 of the Dungeon
  3514 | D:5      | Reached skill level 5 in Unarmed Combat
  3713 | D:5      | Killed from afar by an orc priest

Illustrated notes

Levels and vault maps discovered:
D:1:      dpeg_arrival_leaves_temple_mockup, layout_basic,
          hellmonk_ecumenical_altar_leap_of_faith
D:2:      layout_loops_ring, basic_altar, minmay_ruptured
D:3:      layout_basic, uniq_ijyb
D:4:      layout_loops_ring, uniq_robin, uniq_duvessa
D:5:      layout_basic, minmay_divided_ellipse

Skill      XL: |  1  2  3  4  5  6  7 |
---------------+----------------------+-----
Stealth        | 1 2 3 4 |  4.0
Unarmed Combat | 3 4 5 |  5.6
Fighting       | 4 |  4.7
Dodging        | 4 |  4.7
Shields        | 4 |  4.0

Action                     |  1- 3 |  4- 6 |  7- 9 || total
---------------------------+-------+-------+-------++-------
  Melee: Unarmed           |     9 |    47 |    64 ||   120
         Dagger            |    53 |    25 |       ||    78
         Constrict         |    12 |    14 |    16 ||    42
         Tentacles         |     6 |    14 |    20 ||    40
         Punch             |     2 |     1 |     4 ||     7
  Throw: Dart              |       |     3 |       ||     3
    Use: Scroll            |     4 |     1 |       ||     5
         Potion            |       |     4 |     1 ||     5
   Stab: Sleeping          |    10 |    11 |     4 ||    25
 Armour: Skin              |    23 |    38 |    16 ||    77
  Dodge: Dodged            |    23 |    26 |    28 ||    77
  Block: Buckler           |     8 |    11 |    14 ||    33
